 Dungeon Crawl Stone Soup version 0.25-a0-781-gc44aebf4fe (webtiles) character file.

Game seed: 12827475095632528040, levelgen mode: deterministic

18818 Pry the Geomancer (level 12, -6/74 HPs)
             Began as a Gargoyle Earth Elementalist on Apr 15, 2020.
             Was an Elder of Vehumet.
             Mangled by Frances
             ... wielding a cursed -1 broad axe
              (17 damage)
             ... on level 11 of the Dungeon.
             The game lasted 00:35:47 (10283 turns).

Pry the Geomancer (Gargoyle Earth Elementalist)    Turns: 10283, Time: 00:35:48

Health: -6/74      AC: 23    Str: 13    XL:     12   Next: 62%
Magic:  4/24       EV: 14    Int: 20    God:    Vehumet [****..]
Gold:   9          SH:  0    Dex: 10    Spells: 8/27 levels left

rFire    . . .     SeeInvis .   F - +0 dagger (elec)
rCold    + + .     Gourm    .   (no shield)
rNeg     + . .     Faith    .   A - +3 leather armour "Nagras" {+Blink rC+ rCorr}
rPois    ∞         Spirit   .   (no helmet)
rElec    +         Reflect  .   (no cloak)
rCorr    +         Harm     .   w - +2 pair of gloves
MR       +....                  i - +2 pair of boots
Stlth    ++........             n - amulet "Nutahimome" {RegenMP rC+}
HPRegen  0.22/turn              B - ring of resist corrosion
MPRegen  0.44/turn              K - ring of wizardry

@: mighty, stab
A: rugged brown scales 1, magic resistance 1, negative energy resistance 1,
electricity resistance, unbreathing, petrification resistance, rot immunity, AC
+8
a: Renounce Religion, Evoke Blink


You were on level 11 of the Dungeon.
You worshipped Vehumet.
Vehumet was greatly pleased with you.
You were very hungry.

You visited 2 branches of the dungeon, and saw 13 of its levels.
You also visited: Sewer and Ossuary.

You collected 814 gold pieces.
You spent 805 gold pieces at shops.

Inventory:

Hand Weapons
 h - a +1 dagger of draining
 l - a +4 dagger
 y - a +0 morningstar
 F - a +0 dagger of electrocution (weapon)
 L - a +2 flail of protection
Missiles
 b - 126 stones (quivered)
Armour
 i - a +2 pair of boots (worn)
 w - a +2 pair of gloves (worn)
 A - the +3 leather armour "Nagras" (worn) {+Blink rC+ rCorr}
   (You found it on level 7 of the Dungeon)

   It protects you from cold.
   It lets you blink.
   It provides partial protection from all sources of acid and corrosion.
 E - a +1 robe of magic resistance
 G - +0 steam dragon scales
Jewellery
 n - the amulet "Nutahimome" (around neck) {RegenMP rC+}
   (You found it in a sewer)

   [amulet of magic regeneration]

   It increases your magic regeneration.
   It protects you from cold.
 B - a ring of resist corrosion (left hand)
 I - an uncursed ring of fire
 K - a ring of wizardry (right hand)
 N - an uncursed ring of protection from fire
 Q - an uncursed amulet of rage
Wands
 k - a wand of flame (6)
 p - a wand of random effects (3)
 H - a wand of disintegration (12)
Scrolls
 e - 3 scrolls of teleportation
 s - 3 scrolls of remove curse
 t - 3 scrolls of identify
 z - a scroll of blinking
 D - a scroll of enchant armour
 J - a scroll of magic mapping
 M - a scroll of amnesia
 O - a scroll of fear
Potions
 a - 7 potions of curing
 c - a potion of flight
 j - a potion of brilliance
 m - 2 potions of stabbing
 o - 4 potions of berserk rage
 u - a potion of invisibility
 v - a potion of lignification
 x - 2 potions of might
 C - a potion of cancellation
Comestibles
 d - 14 rations
 q - a chunk of flesh


   Skills:
 + Level 7.4 Fighting
 + Level 6.4 Maces & Flails
 - Level 6.0 Armour
 + Level 6.0 Dodging
 - Level 2.1 Stealth
 + Level 8.0 Spellcasting
 + Level 8.9 Conjurations
   Level 0.7 Transmutations
 * Level 1.2 Fire Magic
 + Level 10.7 Earth Magic
 - Level 6.0 Evocations


You had 8 spell levels left.
You knew the following spells:

 Your Spells              Type           Power        Failure   Level  Hunger
a - Sandblast             Erth           ######       1%          1    None
b - Stone Arrow           Conj/Erth      #####.       1%          3    None
c - Lee's Rapid Deconstr  Erth           ######....   1%          5    #####..
d - Mephitic Cloud        Conj/Pois/Air  ###.....     1%          3    None
e - Blink                 Tloc           N/A          6%          2    None
f - Fireball              Conj/Fire      ####......   4%          5    #####..

Your spell library contained the following spells:

 Spells                   Type           Power        Failure   Level  Hunger
 Frozen Ramparts          Ice            #.....       3%          3    None
 Magic Dart               Conj           ####         1%          1    None
 Passwall                 Tmut/Erth      ####....     1%          2    None
 Conjure Flame            Conj/Fire      ####....     1%          3    None
 Ignite Poison            Fire/Tmut/Pois ##......     3%          3    None
 Animate Skeleton         Necr           N/A          4%          1    None
 Apportation              Tloc           #.....       4%          1    None
 Corona                   Hex            #......      4%          1    None
 Summon Small Mammal      Summ           #...         4%          1    None
 Petrify                  Tmut/Erth      ####....     4%          4    ###....
 Call Imp                 Summ           #.......     6%          2    None
 Slow                     Hex            #.......     6%          2    None
 Starburst                Conj/Fire      ####......   21%         6    ######.
 Ring of Flames           Chrm/Fire      ##........   100%        7    #######
 Ignition                 Fire           ##........   100%        8    #######


Dungeon Overview and Level Annotations

Branches:
Dungeon (12/15)            Temple (1/1) D:7            Lair (0/6) D:11
    Orc (0/2) D:12          Sewer (visited)         Ossuary (visited)

Altars:
Ashenzari
Cheibriados
Dithmenos
Elyvilon
Fedhas
Gozag
Kikubaaqudgha
Makhleb
Nemelex Xobeh
Okawaru
Ru
Sif Muna
Vehumet
Yredelemnul
Zin
The Shining One

Shops:
D:6 (   D:10 %   D:12 *:

Annotations:
D:6 2 transporters, n0tAlx's ghost, novice DsGl
D:11 Frances


Innate Abilities, Weirdness & Mutations

You are resistant to torment.
Your stone body is resilient. (AC +8)
You are immune to poison.
You resist negative energy. (rN+)
You are resistant to electric shocks. (rElec)
You can survive without breathing.
You are immune to petrification.
You are immune to rotting.
You are partially covered in rugged brown scales. (AC +1, +3% HP)
You are resistant to hostile enchantments. (MR+)


Message History

Casting: Lee's Rapid Deconstruction (safe; 1% risk of failure)
Confirm with . or Enter, or press ? or * to list all spells.
Aiming: Stone Arrow (safe; 1% risk of failure)
Press: ? - help, Shift-Dir - straight line, f - Frances
Aim: Frances, wielding a -1 broad axe and wearing a +0 ring mail (severely wounded, fast)
The stone arrow hits Frances!
Frances is severely wounded.
The sixfirhy barely misses you. Frances misses you.
The sixfirhy closely misses you.
Casting: Stone Arrow (safe; 1% risk of failure)
Confirm with . or Enter, or press ? or * to list all spells.
Aiming: Stone Arrow (safe; 1% risk of failure)
Press: ? - help, Shift-Dir - straight line, f/p - Frances
Aim: Frances, wielding a -1 broad axe and wearing a +0 ring mail (severely wounded, fast)
The stone arrow hits Frances!
Frances is almost dead.
The sixfirhy misses you. x2
The sixfirhy hits you but does no damage.
Frances hits you with a cursed -1 broad axe!
You die...

########...# #.....
#...# #....# #...#
#....#
########...####....#
#...................
#...................
#........####...####
#...3....# #..(# #
#..@@..^.# #...# #
#........# #...# #
#........# #...# #
#........# #...# #
#........# #...# #
#........####...####
#...................
####################


You could see Frances and a sixfirhy.

Vanquished Creatures
  2 centaur warriors (D:10)
  4 two-headed ogres
  2 unseen horrors (D:10)
  An orc knight (D:10)
  A manticore (D:12)
  2 cyclopes (D:12)
  Maggie (D:9)
  Psyche (D:9)
  An efreet (D:10)
  4 trolls
  4 hippogriffs
  Grinder (D:6)
  A shadow (D:10)
  A wyvern (D:9)
  A spriggan (D:7)
  3 wraiths
  2 basilisks (D:11)
  11 yaks
  3 hungry ghosts
  4 water moccasins
  3 porcupines (D:11)
  Purgy (Sewer)
  7 orc warriors
  A hornet zombie (D:10)
  2 necrophages (D:10)
  3 phantoms
  2 ice beasts
  3 ogres
  4 centaurs
  2 crocodiles (D:11)
  3 big kobolds
  9 bullfrogs
  2 scorpions
  12 killer bees
  4 wights (Ossuary)
  A howler monkey (D:6)
  6 crimson imps
  A bullfrog zombie (D:7)
  2 hounds (D:6)
  3 centaur skeletons
  6 orc priests
  A jelly (D:10)
  11 orc wizards
  An iron imp (D:8)
  5 iguanas
  11 worker ants
  4 hound zombies
  3 worker ant zombies
  7 gnolls
  11 adders
  2 oozes (D:2)
  3 adder zombies
  6 worms
  3 dart slugs
  9 leopard geckos
  34 orcs
  8 giant cockroaches
  6 goblins
  11 hobgoblins
  12 jackals
  4 quokkas
  3 ball pythons
  9 bats
  2 frilled lizards
  2 hobgoblin skeletons (Ossuary)
  A jackal skeleton (D:7)
  17 kobolds
  A kobold zombie (Ossuary)
  2 orc zombies (Ossuary)
  A quokka zombie (D:10)
  8 rats
325 creatures vanquished.

Vanquished Creatures (others)
  12 plants
12 creatures vanquished.

Grand Total: 337 creatures vanquished

Notes
Turn   | Place    | Note
-------+----------+-------------------------------------------
     0 | D:1      | Pry the Gargoyle Earth Elementalist began the quest for the
                  | Orb.
     0 | D:1      | Reached XP level 1. HP: 10/10 MP: 3/3
   119 | D:1      | Reached XP level 2. HP: 14/15 MP: 5/5
   122 | D:1      | Reached skill level 4 in Earth Magic
   726 | D:2      | Reached XP level 3. HP: 8/19 MP: 3/6
   907 | D:2      | Learned a level 3 spell: Stone Arrow
  1034 | D:2      | Reached skill level 1 in Conjurations
  1269 | D:2      | Reached XP level 4. HP: 24/24 MP: 8/8
  1675 | D:3      | Found a faded altar of an unknown god.
  1767 | D:3      | Reached skill level 5 in Earth Magic
  1953 | D:3      | Found a glowing golden altar of the Shining One.
  1958 | D:3      | Found a basalt altar of Yredelemnul.
  1960 | D:3      | Noticed a profane servitor
  2141 | D:3      | Noticed an angel
  2185 | D:4      | Noticed an ogre
  2199 | D:4      | Killed an ogre
  2199 | D:4      | Reached XP level 5. HP: 12/28 MP: 0/10
  2245 | D:4      | Reached XP level 6. HP: 13/32 MP: 1/11
  2313 | D:4      | Found a glowing drain.
  2330 | Sewer    | Entered a sewer
  2367 | Sewer    | Noticed Purgy
  2441 | Sewer    | Killed Purgy
  2453 | Sewer    | Got a clouded bone amulet
  2454 | Sewer    | Identified the amulet "Nutahimome" {RegenMP rC+} (You found
                  | it in a sewer)
  2606 | D:4      | Reached skill level 6 in Earth Magic
  2622 | D:4      | Reached XP level 7. HP: 17/36 MP: 9/13
  3251 | D:5      | Entered Level 5 of the Dungeon
  3423 | D:5      | Found a sand-covered staircase.
  3448 | Ossuary  | Entered an ossuary
  3499 | Ossuary  | Learned a level 5 spell: Lee's Rapid Deconstruction
  3632 | Ossuary  | Noticed a wraith
  3632 | Ossuary  | Noticed a flying skull
  3639 | Ossuary  | Noticed a flying skull
  3641 | Ossuary  | Noticed a flying skull
  3676 | Ossuary  | Noticed a wraith
  3687 | Ossuary  | Killed a wraith
  3687 | Ossuary  | Reached skill level 1 in Fighting
  3687 | Ossuary  | Reached skill level 1 in Armour
  3687 | Ossuary  | Reached skill level 5 in Spellcasting
  3687 | Ossuary  | Reached skill level 7 in Earth Magic
  3687 | Ossuary  | Reached XP level 8. HP: 20/43 MP: 9/15
  3848 | Ossuary  | Noticed a flying skull
  3854 | Ossuary  | Noticed a wraith
  3865 | Ossuary  | Killed a wraith
  3865 | Ossuary  | Reached skill level 5 in Conjurations
  3865 | Ossuary  | Reached skill level 1 in Evocations
  4512 | D:6      | Noticed Grinder
  4518 | D:6      | Killed Grinder
  4653 | D:6      | Reached skill level 1 in Maces & Flails
  4728 | D:6      | Reached XP level 9. HP: 49/49 MP: 2/17
  4810 | D:6      | Found a transporter.
  5078 | D:6      | Found Ehezylan's Weapon Shoppe.
  5280 | D:6      | Noticed n0tAlx's ghost (novice DsGl)
  5309 | D:6      | Found a transporter.
  5503 | D:7      | Reached skill level 8 in Earth Magic
  5561 | D:7      | Got a warped leather armour
  5572 | D:7      | Identified the +3 leather armour "Nagras" {+Blink rC+
                  | rCorr} (You found it on level 7 of the Dungeon)
  5830 | D:7      | Gained mutation: You have a somewhat thin skeletal
                  | structure. (Dex +2, Stealth) [potion of mutation]
  5830 | D:7      | Gained mutation: Your magical capacity is low. (-10% MP)
                  | [potion of mutation]
  5830 | D:7      | Gained mutation: You have a pair of small horns on your
                  | head. [potion of mutation]
  5917 | D:7      | Found a staircase to the Ecumenical Temple.
  5933 | Temple   | Entered the Ecumenical Temple
  6026 | Temple   | Became a worshipper of Vehumet
  6183 | D:8      | Found a burning altar of Makhleb.
  6185 | D:8      | Found an iron altar of Okawaru.
  6185 | D:8      | Found a shattered altar of Ashenzari.
  6186 | D:8      | Found a shimmering blue altar of Sif Muna.
  6187 | D:8      | Found a glowing silver altar of Zin.
  6187 | D:8      | Found a sparkling altar of Nemelex Xobeh.
  6188 | D:8      | Found an ancient bone altar of Kikubaaqudgha.
  6244 | D:8      | Found a snail-covered altar of Cheibriados.
  6320 | D:8      | Reached XP level 10. HP: 46/56 MP: 17/17
  6485 | D:8      | Found a glowing silver altar of Zin.
  6489 | D:8      | Noticed a two-headed ogre
  6494 | D:8      | Killed a two-headed ogre
  6904 | D:9      | Noticed Psyche
  6910 | D:9      | Killed Psyche
  6932 | D:9      | Noticed Maggie
  6946 | D:9      | Reached * piety under Vehumet
  6946 | D:9      | Offered knowledge of Freeze by Vehumet.
  7007 | D:9      | Killed Maggie
  7067 | D:9      | Reached skill level 9 in Earth Magic
  7220 | D:9      | Reached skill level 5 in Fighting
  7238 | D:9      | Found a sparkling altar of Nemelex Xobeh.
  7290 | D:9      | Found a shadowy altar of Dithmenos.
  7296 | D:9      | Reached skill level 5 in Armour
  7573 | D:10     | Entered Level 10 of the Dungeon
  7664 | D:10     | Reached XP level 11. HP: 63/64 MP: 5/18
  7673 | D:10     | Reached ** piety under Vehumet
  7737 | D:10     | Offered knowledge of Magic Dart by Vehumet.
  7782 | D:10     | Noticed a centaur warrior
  7787 | D:10     | Killed a centaur warrior
  7788 | D:10     | Noticed an orc knight
  7881 | D:10     | Killed an orc knight
  7889 | D:10     | Noticed a centaur warrior
  7917 | D:10     | Killed a centaur warrior
  7917 | D:10     | Reached skill level 5 in Evocations
  7985 | D:10     | Killed an unseen horror
  7985 | D:10     | Reached skill level 5 in Maces & Flails
  7985 | D:10     | Reached skill level 5 in Dodging
  8203 | D:10     | Noticed a two-headed ogre
  8209 | D:10     | Killed a two-headed ogre
  8244 | D:10     | Offered knowledge of Static Discharge by Vehumet.
  8332 | D:10     | Noticed a two-headed ogre
  8338 | D:10     | Killed an unseen horror
  8338 | D:10     | Reached skill level 10 in Earth Magic
  8339 | D:10     | Reached *** piety under Vehumet
  8349 | D:10     | Killed a two-headed ogre
  8349 | D:10     | Reached XP level 12. HP: 11/71 MP: 4/20
  8588 | D:10     | Lost mutation: You have a pair of small horns on your head.
                  | [potion of mutation]
  8588 | D:10     | Lost mutation: Your magical capacity is low. (-10% MP)
                  | [potion of mutation]
  8588 | D:10     | Lost mutation: You have a somewhat thin skeletal structure.
                  | (Dex +2, Stealth) [potion of mutation]
  8588 | D:10     | Gained mutation: You are resistant to hostile enchantments.
                  | (MR+) [potion of mutation]
  8588 | D:10     | Gained mutation: You are partially covered in rugged brown
                  | scales. (AC +1, +3% HP) [potion of mutation]
  8864 | D:10     | Found Aprajufi's Food Shoppe.
  9015 | D:11     | Offered knowledge of Fulminant Prism by Vehumet.
  9022 | D:11     | Learned a level 3 spell: Mephitic Cloud
  9025 | D:11     | Learned a level 2 spell: Blink
  9298 | D:11     | Found a staircase to the Lair.
  9813 | D:12     | Found Xaitekh's Book Boutique.
  9883 | D:12     | Reached **** piety under Vehumet
 10124 | D:12     | Bought a book of Fire for 780 gold pieces
 10130 | D:12     | Learned a level 5 spell: Fireball
 10154 | D:12     | Found a staircase to the Orcish Mines.
 10163 | D:12     | Found Weodi's Assorted Antiques.
 10169 | D:12     | Offered knowledge of Frozen Ramparts by Vehumet.
 10224 | D:12     | Bought a scroll labeled EGEJOMY DYAM for 25 gold pieces
 10232 | D:12     | Noticed Frances
 10250 | D:12     | Noticed a sun demon
 10255 | D:12     | Noticed a two-headed ogre
 10269 | D:12     | Killed a two-headed ogre
 10269 | D:12     | Reached skill level 1 in Fire Magic
 10270 | D:12     | HP: 2/74 [something/iron shot (45)]
 10271 | D:12     | Noticed a sun demon
 10283 | D:11     | Mangled by Frances

Levels and vault maps discovered:
D:1:      dpeg_arrival_erosion, layout_loops_ring, grunt_decor_one_mirror,
          minmay_tromino_v4_c
D:2:      layout_basic, hex_large
D:3:      layout_rooms, grunt_temple_overflow_holy_war,
          chequers_ecumenical_altar_island
D:4:      layout_rooms, gup_sewer_entry_pipe, first_ration
D:5:      layout_basic, nicolae_ossuary_entry_monument
D:6:      layout_gridville, serial_shops, shop, gammafunk_ghost_stat_death,
          uniq_grinder
D:7:      layout_basic, minmay_temple_entry_proselytizer, the_bakery,
          chequers_hall_statues_wall_a
D:8:      layout_gridville, slow_altar_2, grunt_temple_overflow_open,
          basic_altar, sigmund_army
D:9:      minmay_angry_zag, layout_gridville, nicolae_dithmenos_the_darkroom,
          basic_altar, uniq_maggie, uniq_psyche
D:10:     layout_rooms, serial_shops, shop, grunt_ministairs_10,
          minmay_shattered_shrine
D:11:     layout_small_grid, minmay_lair_entry_grove
D:12:     layout_loops_cross, orc_0_dummy, basic_altar, serial_shops,
          nicolae_shop_overgrown_old_shop,
          nicolae_shop_competitors_out_of_business, nicolae_shop_waterfront,
          shop, uniq_frances
Temple:   grunt_temple_mini_profane

Skill      XL: |  1  2  3  4  5  6  7  8  9 10 11 12 |
---------------+-------------------------------------+-----
Earth Magic    | 4 5 6 7 8 9 10 | 10.7
Conjurations   | 1 2 3 4 5 6 7 8 |  8.9
Spellcasting   | 3 4 5 6 7 8 |  8.0
Fighting       | 1 2 4 5 6 7 |  7.4
Armour         | 1 2 4 5 6 |  6.0
Dodging        | 2 3 4 5 6 |  6.0
Evocations     | 2 3 4 5 6 |  6.0
Maces & Flails | 1 3 4 5 6 |  6.4
Fire Magic     | 1 |  1.2
Stealth        | |  2.1
Transmutations | |  0.7

Action                   |  1- 3 |  4- 6 |  7- 9 | 10-12 || total
-------------------------+-------+-------+-------+-------++-------
Melee: Dagger            |    79 |   142 |   365 |   232 ||   818
       Unarmed           |     1 |       |       |       ||     1
       Headbutt          |       |       |     9 |    34 ||    43
Throw: Throwing net      |       |       |       |     1 ||     1
 Cast: Sandblast         |     5 |    29 |   122 |   154 ||   310
       Stone Arrow       |       |     2 |     8 |    39 ||    49
       Lee's Rapid Decon |       |       |     1 |    46 ||    47
Evoke: Wand              |       |       |    16 |    23 ||    39
  Use: Scroll            |       |     9 |    14 |     9 ||    32
       Potion            |       |       |     2 |     7 ||     9
 Stab: Distracted        |     1 |       |       |     1 ||     2
       Sleeping          |     1 |     1 |     7 |     2 ||    11
  Eat: Chunk             |     1 |     5 |     9 |    22 ||    37
       Ration            |       |       |     1 |     1 ||     2
Armor: Robe              |    24 |    71 |   176 |       ||   271
       Leather armour    |       |       |    67 |   219 ||   286
Dodge: Dodged            |    48 |   109 |   288 |   268 ||   713

Table legend:
 A = Non-vault XP
 B = Vault XP
 C = Vault XP percentage of total XP
 D = Non-vault monster count
 E = Vault monster count
 F = Vault count percentage of total count
                 A         B        C        D         E       F
            +---------+---------+-------+---------+---------+-------
      Total |   18242 |    8641 |  32.1 |     258 |      67 |  20.6
            +---------+---------+-------+---------+---------+-------
        D:1 |      13 |       1 |   7.1 |       7 |       1 |  12.5
        D:2 |      83 |       0 |   0.0 |      22 |       0 |   0.0
        D:3 |      67 |       0 |   0.0 |      20 |       0 |   0.0
        D:4 |     553 |      15 |   2.6 |      17 |       6 |  26.1
        D:5 |     197 |       0 |   0.0 |      22 |       0 |   0.0
        D:6 |     927 |     262 |  22.0 |      21 |       1 |   4.5
        D:7 |    1214 |     254 |  17.3 |      26 |       2 |   7.1
        D:8 |    1693 |      54 |   3.1 |      18 |       7 |  28.0
        D:9 |    1540 |     884 |  36.5 |      28 |       3 |   9.7
       D:10 |    5948 |    4388 |  42.5 |      43 |      16 |  27.1
       D:11 |    1240 |    1977 |  61.5 |      10 |      13 |  56.5
       D:12 |    4767 |       0 |   0.0 |      24 |       0 |   0.0
      Sewer |       0 |     145 | 100.0 |       0 |       6 | 100.0
    Ossuary |       0 |     661 | 100.0 |       0 |      12 | 100.0
            +---------+---------+-------+---------+---------+-------
